 Dungeon Crawl Stone Soup version 0.16.1-30-g34a7ffa (webtiles) character file.

167 Yawgmoth the Digger (level 5, -1/28 HPs)
             Began as a Gargoyle Earth Elementalist on June 18, 2015.
             Slain by a gnoll
             ... wielding a +0 halberd
              (13 damage)
             ... on level 3 of the Dungeon.
             The game lasted 00:11:56 (3209 turns).

Yawgmoth the Digger (Gargoyle Earth Elementalist)   Turns: 3209, Time: 00:11:56

Health: -1/28      AC:  6    Str: 12    XL:     5   Next: 48%
Magic:  8/11       EV: 12    Int: 16    God:
Gold:   37         SH:  0    Dex: 10    Spells: 1 memorised, 9 levels left

rFire  . . .     SeeInvis .     b - 175 stones
rCold  . . .     Clarity  .     c - +0 robe
rNeg   + . .     SustAb   .     (no shield)
rPois  ∞         Gourm    .     (no helmet)
rElec  +         Spirit   .     (no cloak)
rCorr  .         Warding  .     (no gloves)
rMut   .         Stasis   .     (no boots)
MR     .....                    (no amulet)
Stlth  +++.......               (no ring)
                                f - ring of stealth

@: not resistant to hostile enchantments, fairly stealthy
A: negative energy resistance 1, electricity resistance, unbreathing,
petrification resistance, rot immunity, AC +4
a: no special abilities


You were on level 3 of the Dungeon.
You were not hungry.

You visited 1 branch of the dungeon, and saw 3 of its levels.

You collected 37 gold pieces.

Inventory:

Hand weapons
 e - a +0 whip
 p - a +0 hunting sling
 r - a +1 short sword of speed
 s - a +0 spear
 t - a +0 spear
Missiles
 b - 175 stones (in hand)
 l - 9 sling bullets
 q - 6 tomahawks of dispersal (quivered)
 y - 32 sling bullets of flame
Armour
 c - a +0 robe (worn)
Jewellery
 f - a ring of stealth (left hand)
Scrolls
 m - a scroll of noise {unknown}
 o - a scroll of enchant weapon {unknown}
 u - a scroll of identify {unknown}
 v - a scroll of fog {unknown}
 w - a scroll of magic mapping {unknown}
Potions
 g - a potion of brilliance {unknown}
 k - a potion of restore abilities {unknown}
 n - a potion of curing {unknown}
 x - a potion of ambrosia {unknown}
 A - a potion of flight {unknown}
Books
 d - a book of Geomancy

   Spells                             Type                      Level
   a - Sandblast                      Earth                        1
   b - Stoneskin                      Transmutation/Earth          2
   c - Passwall                       Transmutation/Earth          3
   d - Stone Arrow                    Conjuration/Earth            3
   e - Petrify                        Transmutation/Earth          4
   f - Lee's Rapid Deconstruction     Earth                        5
Comestibles
 a - a bread ration
 h - a royal jelly
 i - 2 meat rations
 j - 3 fruits


   Skills:
 - Level 0.4 Fighting
 - Level 0.2 Maces & Flails
 - Level 1.9 Dodging
 - Level 2.4 Stealth
 + Level 3.3 Spellcasting
   Level 0.7 Transmutations
 + Level 5.7 Earth Magic


You had 9 spell levels left.
You knew the following spells:

 Your Spells              Type           Power        Failure   Level  Hunger
a - Sandblast             Erth           ###...       1%          1    None


Dungeon Overview and Level Annotations

Branches:
Dungeon (3/15)

Altars:
Fedhas
Qazlal
Trog
The Shining One


Innate Abilities, Weirdness & Mutations

You are resistant to torment.
You are immune to poison.
Your stone body is very resilient (AC +4).
You resist negative energy.
You are resistant to electric shocks.
You can survive without breathing.
You are immune to petrification.
You are immune to rotting.


Message History

Press: ? - help, Shift-Dir - straight line, f/p - gnoll
Aim: a gnoll, wielding a spear (moderately wounded)
The rocky blast hits the gnoll.
You kill the gnoll!
You start resting.
Casting: Sandblast
Confirm with . or Enter, or press ? or * to list all spells.
Aiming: Sandblast
Press: ? - help, Shift-Dir - straight line, f - gnoll
Aim: a gnoll, wielding a halberd (hasn't noticed you)
The rocky blast misses the gnoll.
All of the chunks of flesh in your inventory have rotted away.
Casting: Sandblast
Confirm with . or Enter, or press ? or * to list all spells.
Aiming: Sandblast
Press: ? - help, Shift-Dir - straight line, f/p - gnoll
Aim: a gnoll, wielding a halberd The rocky blast misses the gnoll.
The gnoll hits you from afar with a halberd!
You die...

#.......#
#.#####.#
##(.####.#####.#
.............#.#
(...####.###.#.#
#.###.#)#
#.#.).#.#
#.......#
###@##### #.#
#g# ####.####
#.......#
#.......#
##.......#
+........#
##.......#


You could see a gnoll.

Vanquished Creatures
  A giant frog zombie (D:3)
  A gnoll (D:3)
  7 adders
  A giant mite (D:2)
  A worm (D:2)
  A giant gecko (D:1)
  2 orcs (D:3)
  7 goblins
  4 hobgoblins
  A ball python (D:2)
  6 bats
  4 giant newts
  7 kobolds
  10 rats
53 creatures vanquished.

Notes
Turn   | Place    | Note
--------------------------------------------------------------
     0 | D:1      | Yawgmoth, the Gargoyle Earth Elementalist, began the quest for the Orb.
     0 | D:1      | Reached XP level 1. HP: 10/10 MP: 3/3
   708 | D:1      | Reached skill level 4 in Earth Magic
   861 | D:1      | Reached XP level 2. HP: 15/15 MP: 4/4
  1162 | D:1      | Found a glowing golden altar of the Shining One.
  1412 | D:2      | Reached XP level 3. HP: 17/20 MP: 4/6
  1481 | D:2      | Found a blossoming altar of Fedhas.
  2035 | D:2      | Noticed a moth of wrath
  2043 | D:2      | Found a bloodstained altar of Trog.
  2393 | D:2      | Reached XP level 4. HP: 24/24 MP: 8/8
  2489 | D:2      | Reached skill level 5 in Earth Magic
  2864 | D:3      | Found a stormy altar of Qazlal.
  2935 | D:3      | Reached XP level 5. HP: 26/28 MP: 7/11
  3209 | D:3      | Slain by a gnoll

Action                   |  1- 3 |  4- 6 || total
-------------------------+-------+-------++-------
Melee: Whip              |    40 |       ||    40
       Unarmed           |    11 |       ||    11
 Fire: Hunting sling     |    31 |    53 ||    84
 Cast: Sandblast         |    21 |    15 ||    36
 Stab: Sleeping          |     1 |       ||     1
  Eat: Chunk             |     5 |     2 ||     7
